 Dungeon Crawl Stone Soup version 0.18.1-8-gdd0e5ea (webtiles) character file.

1906 st0uf the Ducker (level 8, -4/68 HPs)
             Began as a Mottled Draconian Skald on May 30, 2016.
             Was an Initiate of Vehumet.
             Slain by a killer bee (8 damage)
             ... on level 6 of the Dungeon.
             The game lasted 00:40:25 (6899 turns).

st0uf the Ducker (Mottled Draconian Skald)          Turns: 6899, Time: 00:40:26

Health: -4/68      AC: 10    Str: 16    XL:     8   Next: 94%
Magic:  5/11       EV: 14    Int: 14    God:    Vehumet [......]
Gold:   262        SH:  0    Dex: 10    Spells: 4 memorised, 3 levels left

rFire  . . .     SeeInvis +     a - +0 falchion
rCold  . . .     Gourm    .     (armour unavailable)
rNeg   . . .     Faith    .     (no shield)
rPois  .         Spirit   .     (helmet restricted)
rElec  .         Dismiss  .     d - +0 cloak
rCorr  .         Reflect  .     (no gloves)
SustAt .         Harm     .     m - +2 pair of boots
MR     .....                    (no amulet)
Stlth  +.........               (no ring)
                                v - ring of see invisible

@: infused, very slightly contaminated, hasted, very quick, not resistant to
hostile enchantments, very unstealthy
A: breathe sticky flame splash, unfitting armour, cold-blooded, AC +6
a: Breathe Sticky Flame, Renounce Religion


You were on level 6 of the Dungeon.
You worshipped Vehumet.
Vehumet was noncommittal.
You were not hungry.

You visited 2 branches of the dungeon, and saw 8 of its levels.

You collected 262 gold pieces.

Inventory:

Hand Weapons
 a - a +0 falchion (weapon)
 z - a +0 falchion of flaming
Armour
 d - a +0 cloak (worn)
 m - a +2 pair of boots (worn)
Jewellery
 v - a ring of see invisible (left hand)
Wands
 A - a wand of disintegration (15/24)
Scrolls
 f - 3 scrolls of teleportation
 g - 2 scrolls of amnesia
 i - 8 scrolls of identify {unknown}
 j - 2 scrolls of fog
 k - a scroll of remove curse
 w - a scroll of random uselessness {unknown}
 x - a scroll of enchant weapon {unknown}
 y - a scroll of acquirement {unknown}
Potions
 e - a potion of haste
 l - a potion of agility {unknown}
 p - 3 potions of flight {unknown}
 s - 2 potions of heal wounds {unknown}
 t - a potion of lignification {unknown}
Books
 b - a book of Battle

   Spells                             Type                      Level
   a - Infusion                       Charms                       1
   b - Shroud of Golubria             Charms/Translocation         2
   c - Song of Slaying                Charms                       2
   d - Spectral Weapon                Hexes/Charms                 3
   e - Regeneration                   Charms/Necromancy            3
 B - Kikubaaqudgha's Compendium of Dark Magic
   (You found it on level 6 of the Dungeon)

   Spells                             Type                      Level
   a - Pain                           Necromancy                   1
Comestibles
 c - 6 bread rations
 h - 6 meat rations
 o - 10 chunks of flesh
 r - 8 fruits
 u - a beef jerky


   Skills:
 + Level 5.3 Fighting
 + Level 6.0 Long Blades
 + Level 6.9 Dodging
 - Level 2.0 Spellcasting
 + Level 5.2 Charms
 + Level 1.0 Necromancy
 + Level 0.6 Translocations


You had 3 spell levels left.
You knew the following spells:

 Your Spells              Type           Power        Failure   Level  Hunger
a - Infusion              Chrm           ###.         2%          1    ##.....
b - Song of Slaying       Chrm           ###.....     4%          2    ###....
c - Regeneration          Chrm/Necr      ##........   21%         3    ####...
d - Shroud of Golubria    Chrm/Tloc      #.........   14%         2    ###....


Dungeon Overview and Level Annotations

Branches:
Dungeon (7/15)             Temple (1/1) D:6

Altars:
Ashenzari
Cheibriados
Dithmenos
Elyvilon
Fedhas
Gozag
Kikubaaqudgha
Makhleb
Nemelex Xobeh
Okawaru
Pakellas
Qazlal
Ru
Sif Muna
Trog
Vehumet
Xom
Yredelemnul
Zin
The Shining One

Shops:
D:6 =


Innate Abilities, Weirdness & Mutations

You can spit globs of burning liquid.
You can ignite nearby creatures when you spit burning liquid.
Your weird mottled scales are hard (AC +6).
Your body does not fit into most forms of armour.
You are cold-blooded and may be slowed by cold attacks.


Message History

You hit the killer bee!
You kill the killer bee!
Vehumet accepts your kill.
Your Long Blades skill increases to level 6!
You feel sick. The killer bee stings you.
* * * LOW HITPOINT WARNING * * *
You are more poisoned.
The killer bee poisons you!
Drink which item? (? for menu, Esc to quit)
You feel better. The killer bee closely misses you. The killer bee stings you.
* * * LOW HITPOINT WARNING * * *
Drink which item? (? for menu, Esc to quit)
It was a potion of haste.
You feel yourself speed up.
You have got your breath back.
The killer bee stings you but does no damage.
The killer bee stings you.
* * * LOW HITPOINT WARNING * * *
You closely miss the killer bee. The killer bee barely misses you.
The killer bee stings you!
You die...

#≈≈≈≈#.#;≈≈≈#
#......#####..
######.######
###.##.# #..
#.####.#
#.##.# #..
#......#
#.##.# ##.
######.#
#.##.######.
#.#
#.##.##.....
#y#
#.##.##.####
#y# #....##.##
#@###
#........#
#...#
##.####..#
###.# #.# #..#
#>#
#.####..###
#.#
#...##((##.
#.#
##.#((..(##_
#.#
#[).((..###.
#.###...#####
## #.......#
#.


You could see 2 killer bees.

Vanquished Creatures
  A sky beast (D:5)
  2 phantoms (D:6)
  3 ogres
  2 centaurs (D:6)
  2 scorpions
  2 killer bees (D:6)
  A howler monkey (D:4)
  3 crimson imps
  A centaur skeleton (D:4)
  2 orc priests
  12 orc wizards
  Natasha (thrice) (D:2)
  3 worker ants
  2 gnolls (D:3)
  12 adders
  An adder skeleton (D:4)
  3 worms (D:3)
  5 dart slugs
  3 giant geckos
  33 orcs
  3 giant cockroaches
  12 goblins
  9 hobgoblins
  20 jackals
  4 quokkas
  6 bats
  2 giant cockroach zombies
  9 giant newts
  13 kobolds
  24 rats
198 creatures vanquished.

Notes
Turn   | Place    | Note
--------------------------------------------------------------
     0 | D:1      | st0uf the Draconian Skald began the quest for the Orb.
     0 | D:1      | Reached XP level 1. HP: 17/17 MP: 3/3
   268 | D:1      | Reached XP level 2. HP: 24/24 MP: 5/5
   894 | D:2      | Found a sacrificial altar of Ru.
   969 | D:2      | Reached XP level 3. HP: 26/30 MP: 2/6
  1031 | D:2      | Found a stormy altar of Qazlal.
  1031 | D:2      | Found an opulent altar of Gozag.
  1321 | D:2      | Noticed Natasha
  1332 | D:2      | Killed Natasha
  1334 | D:2      | Reached XP level 4. HP: 13/37 MP: 2/7
  1679 | D:2      | Noticed Natasha
  1693 | D:2      | Killed Natasha
  1696 | D:2      | Noticed Natasha
  1714 | D:2      | Killed Natasha
  2084 | D:2      | Reached XP level 5. HP: 43/44 MP: 2/8
  2186 | D:2      | Found an iron altar of Okawaru.
  2672 | D:3      | Learned a level 2 spell: Song of Slaying
  2676 | D:3      | Learned a level 3 spell: Regeneration
  2679 | D:3      | Learned a level 2 spell: Shroud of Golubria
  3207 | D:3      | Reached XP level 6. HP: 46/51 MP: 7/9
  3878 | D:4      | Found a basalt altar of Yredelemnul.
  3924 | D:4      | Found a snail-covered altar of Cheibriados.
  4107 | D:4      | Your scales start taking on a weird mottled colour.
  4107 | D:4      | Reached XP level 7. HP: 57/58 MP: 5/10
  4273 | D:4      | HP: 1/58 [ogre/giant spiked club (25)]
  5093 | D:5      | Entered Level 5 of the Dungeon
  5118 | D:5      | Reached skill level 5 in Dodging
  5712 | D:5      | Reached XP level 8. HP: 60/66 MP: 7/11
  5841 | D:5      | Found a glowing golden altar of the Shining One.
  5841 | D:5      | Found a glowing silver altar of Zin.
  5841 | D:5      | Found a white marble altar of Elyvilon.
  5978 | D:6      | Reached skill level 5 in Long Blades
  5978 | D:6      | Reached skill level 1 in Necromancy
  6122 | D:6      | Found Ykhem's Jewellery Emporium.
  6364 | D:6      | Reached skill level 5 in Fighting
  6419 | D:6      | Reached skill level 5 in Charms
  6456 | D:6      | Found a staircase to the Ecumenical Temple.
  6468 | Temple   | Entered the Ecumenical Temple
  6647 | D:6      | Found a deep blue altar of Sif Muna.
  6660 | D:6      | Found an ancient bone altar of Kikubaaqudgha.
  6709 | D:6      | Identified Kikubaaqudgha's Compendium of Dark Magic
  6778 | D:6      | Found a radiant altar of Vehumet.
  6790 | D:6      | Became a worshipper of Vehumet
  6846 | D:7      | Found a shattered altar of Ashenzari.
  6851 | D:7      | Noticed a gargoyle
  6899 | D:6      | Slain by a killer bee

Skill      XL: |  1  2  3  4  5  6  7  8 |
---------------+-------------------------+-----
Charms         | 3 4 5 |  5.2
Dodging        | 2 3 4 5 6 |  6.9
Fighting       | 3 4 5 |  5.3
Long Blades    | 3 4 6 |  6.0
Necromancy     | 1 |  1.0
Spellcasting   | |  2.0
Translocations | |  0.6

Action                   |  1- 3 |  4- 6 |  7- 9 || total
-------------------------+-------+-------+-------++-------
Melee: Falchion          |   103 |   291 |   361 ||   755
       Tailslap          |     3 |    18 |    31 ||    52
 Cast: Infusion          |    12 |    28 |    31 ||    71
       Song of Slaying   |       |     3 |     8 ||    11
       Shroud of Golubri |       |     3 |     1 ||     4
       Regeneration      |       |     1 |     4 ||     5
 Abil: Breathe Sticky Fl |       |       |     6 ||     6
  Use: Scroll            |       |     6 |     1 ||     7
       Potion            |       |       |     5 ||     5
 Stab: Sleeping          |     1 |       |       ||     1
  Eat: Chunk             |     2 |    11 |    13 ||    26
Armor: Skin              |    39 |   119 |   127 ||   285
Dodge: Dodged            |    57 |   201 |   262 ||   520
